 Dungeon Crawl Stone Soup version 0.26-a0-466-g989023bd0d (webtiles) character file.

Game seed: 5946932220942568316

1397 chingua the Basher (level 8, -3/132 HPs)
             Began as an Ogre Berserker on Aug 2, 2020.
             Was a Priest of Trog.
             Slain by an orc warrior
             ... wielding a +0 war axe
              (16 damage)
             ... on level 7 of the Dungeon.
             The game lasted 00:13:36 (7318 turns).

chingua the Basher (Ogre Berserker)                 Turns: 7318, Time: 00:13:37

Health: -3/132     AC:  7    Str: 24    XL:     8   Next: 69%
Magic:  8/8        EV:  7    Int:  8    God:    Trog [***...]
Gold:   334        SH:  7    Dex:  8    Spells: 7/7 levels left

rFire    . . .     SeeInvis .   a - +0 flail
rCold    . . .     Faith    .   G - +0 kite shield
rNeg     . . .     Spirit   .   C - +0 animal skin
rPois    .         Reflect  .   (helmet restricted)
rElec    .         Harm     .   (no cloak)
rCorr    .                      (gloves unavailable)
MR       ++...                  (boots unavailable)
Stlth    ..........             j - amulet of regeneration
HPRegen  1.72/turn              l - +4 ring of protection
MPRegen  0.11/turn              A - ring of stealth

@: berserking, regenerating, very quick
A: large, unfitting armour, tough skin 1
a: Berserk, Trog's Hand, Renounce Religion


You were on level 7 of the Dungeon.
You worshipped Trog.
Trog was most pleased with you.
You visited 1 branch of the dungeon, and saw 7 of its levels.

You collected 334 gold pieces.

Inventory:

Hand Weapons
 a - a +0 flail (weapon)
 b - a +0 giant spiked club
 E - a +0 mace
Missiles
 k - 7 poisoned darts (quivered)
 u - 3 throwing nets
 x - 4 boomerangs
Armour
 C - a +0 animal skin (worn)
 G - a +0 kite shield (worn)
Jewellery
 j - an amulet of regeneration (around neck)
 l - a +4 ring of protection (left hand)
 t - an uncursed ring of flight
 v - an uncursed ring of protection from fire
 z - an uncursed ring of magical power
 A - a ring of stealth (right hand)
Wands
 m - a wand of digging (5)
 B - a wand of random effects (31)
 F - a wand of paralysis (6)
 I - a wand of disintegration (18)
Scrolls
 d - 5 scrolls of magic mapping {unknown}
 e - 8 scrolls of teleportation {unknown}
 f - 5 scrolls of identify
 g - 3 scrolls of amnesia {unknown}
 i - 2 scrolls of random uselessness {unknown}
 n - a scroll of fog {unknown}
 o - 7 scrolls of remove curse {unknown}
 q - 2 scrolls of noise {unknown}
 r - a scroll of fear {unknown}
 y - 3 scrolls of enchant armour {unknown}
 H - a scroll of enchant weapon
Potions
 c - a potion of cancellation
 h - a potion of berserk rage
 p - 2 potions of heal wounds
 s - a potion of curing
 w - a potion of stabbing
 D - a potion of haste


   Skills:
 + Level 8.1 Fighting
 + Level 8.4 Maces & Flails
 - Level 0.7 Throwing
 - Level 2.6 Dodging
 * Level 1.3 Shields


You had 7 spell levels left.
You didn't know any spells.
Your spell library was empty.

Dungeon Overview and Level Annotations

Branches:
Dungeon (7/15)             Temple (0/1) D:5

Altars:
Ashenzari
Dithmenos
Elyvilon
Fedhas
Gozag
Kikubaaqudgha
Makhleb
Nemelex Xobeh
Qazlal
Ru
Sif Muna
Xom
Yredelemnul
Zin

Shops:
D:5 }   D:7 (


Innate Abilities, Weirdness & Mutations

You are too large for most types of armour.
You have tough skin. (AC +1)


Message History

The arrow hits you but does no damage. The orc barely misses you.
Unknown command.
You sock the orc warrior!
The orc warrior is moderately wounded.
The orc warrior hits you with a +0 war axe!
* * * LOW HITPOINT WARNING * * *
You block the orc wizard's attack.
Unknown command.
You closely miss the orc warrior.
The orc warrior is moderately wounded.
The orc hits you.
* * * LOW HITPOINT WARNING * * *
You block the orc's attack.
The centaur unwields a +0 shortbow.
You block the centaur's attack.
Unknown command.
You thump the centaur!
The centaur is heavily wounded.
The orc wizard hits you but does no damage.
The orc warrior hits you with a +0 war axe!
You die...

.. .# ... .#####.
..#####.#..... ...##........
#.#......... #...........
###+## ##..oo....... ...
#....###...o@c...... .)..
#....##.....o................
#....##......................
#....##......................
#............................
#....⌠.⌠.....................
#[...._......................
#.##.⌠.⌠...........).........
#.##.#.................([....


You could see an orc warrior, a centaur, an orc wizard and 2 orcs.

Vanquished Creatures
  Menkaure (D:7)
  Duvessa (D:7)
  An ice beast (D:4)
  A sky beast (D:5)
  A phantom (D:6)
  2 centaurs
  An ogre (D:6)
  A bullfrog (D:6)
  Dowan (D:7)
  A bullfrog zombie (D:5)
  A centaur zombie (D:5)
  6 orc wizards
  Ijyb (D:5)
  A worker ant (D:7)
  A killer bee zombie (D:5)
  2 worker ant zombies (D:5)
  A howler monkey skeleton (D:5)
  3 adders
  3 gnolls (D:7)
  A shadow imp (D:7)
  A white imp (D:5)
  2 ufetubi
  2 adder zombies
  2 adder skeletons (D:4)
  A worm (D:3)
  A dart slug (D:1)
  6 leopard geckos
  19 orcs
  2 ball pythons
  6 bats
  2 giant cockroaches (D:1)
  5 goblins
  12 hobgoblins
  3 jackals
  7 kobolds
  4 quokkas
  7 frilled lizards
  A jackal zombie (D:5)
  2 leopard gecko skeletons
  A leopard gecko zombie (D:5)
  A quokka zombie (D:5)
  8 rats
126 creatures vanquished.

Vanquished Creatures (others)
  An orc wizard (D:7)
1 creature vanquished.

Grand Total: 127 creatures vanquished

Notes
Turn   | Place    | Note
-------+----------+-------------------------------------------
     0 | D:1      | chingua the Ogre Berserker began the quest for the Orb.
     0 | D:1      | Reached XP level 1. HP: 24/24 MP: 1/1
   409 | D:1      | Reached XP level 2. HP: 32/33 MP: 2/2
   731 | D:1      | Reached XP level 3. HP: 33/40 MP: 3/3
  1037 | D:1      | Reached ** piety under Trog
  1482 | D:2      | Found a basalt altar of Yredelemnul.
  1646 | D:2      | Found a white marble altar of Elyvilon.
  1843 | D:2      | Reached skill level 5 in Fighting
  2072 | D:2      | Reached XP level 4. HP: 50/50 MP: 4/4
  2352 | D:3      | Found a sacrificial altar of Ru.
  3351 | D:4      | Reached XP level 5. HP: 57/57 MP: 5/5
  3573 | D:4      | Reached *** piety under Trog
  3724 | D:4      | Noticed an ice beast
  3735 | D:4      | Killed an ice beast
  3735 | D:4      | Reached skill level 5 in Maces & Flails
  3735 | D:4      | Reached XP level 6. HP: 67/67 MP: 6/6
  3942 | D:5      | Entered Level 5 of the Dungeon
  3966 | D:5      | Found a shadowy altar of Dithmenos.
  4246 | D:5      | Reached XP level 7. HP: 75/75 MP: 7/7
  4335 | D:5      | Found Vinent's Gadget Boutique.
  4561 | D:5      | Found a shimmering altar of Xom.
  4564 | D:5      | Noticed Ijyb
  4575 | D:5      | Killed Ijyb
  4832 | D:5      | Found a staircase to the Ecumenical Temple.
  5108 | D:5      | Found an ancient bone altar of Kikubaaqudgha.
  5108 | D:5      | Found a stormy altar of Qazlal.
  5109 | D:5      | Found a shimmering blue altar of Sif Muna.
  5679 | D:6      | Found a burning altar of Makhleb.
  5940 | D:6      | Reached XP level 8. HP: 85/87 MP: 8/8
  5948 | D:6      | Found an opulent altar of Gozag.
  6219 | D:6      | Reached **** piety under Trog
  6275 | D:6      | Found a glowing silver altar of Zin.
  6394 | D:6      | Identified Cezo Tir's Reference Book on Fire and
                  | Weightlessness
  6715 | D:7      | Found Licoer's Weapon Emporium.
  6943 | D:7      | Found a shattered altar of Ashenzari.
  6960 | D:7      | Found a blossoming altar of Fedhas.
  6995 | D:7      | Noticed Menkaure
  7003 | D:7      | Killed Menkaure
  7070 | D:7      | Noticed Duvessa
  7075 | D:7      | Noticed Dowan
  7080 | D:7      | Killed Duvessa
  7080 | D:7      | Reached skill level 1 in Shields
  7224 | D:7      | Killed Dowan
  7254 | D:7      | Found a sparkling altar of Nemelex Xobeh.
  7318 | D:7      | Slain by an orc warrior

Illustrated notes

Levels and vault maps discovered:
D:1:      minmay_arrival_stone_box, layout_basic, corner_web_ring, st_stairs_3,
          minmay_pentomino_p4
D:2:      layout_basic, kennysheep_ying_yang
D:3:      wander_river, layout_basic, nicolae_ru_awakened_eye
D:4:      layout_basic, minivault_24
D:5:      layout_basic, gammafunk_temple_overflow_claw, lemuel_crystal_altar,
          lemuel_crystal_altar, minmay_temple_entry_enclosed_plants,
          serial_undead, serial_undead_e, serial_undead_e, serial_undead_f,
          serial_undead_f, serial_shops, shop_fountains,
          minmay_misc_feat_square, uniq_ijyb
D:6:      layout_basic, zin_scriptorium, nicolae_overflow_crystal_walls,
          lemuel_doored_altar, corexii_shack
D:7:      layout_basic, kennysheep_mini, kennysheep_mini_moat, serial_shops,
          shop, nemelex_xobeh_ov_fountains_minmay, uniq_duvessa, uniq_menkaure,
          uniq_crazy_yiuf_cottage

Skill      XL: |  1  2  3  4  5  6  7  8 |
---------------+-------------------------+-----
Maces & Flails | 3 4 5 6 7 8 |  8.4
Fighting       | 5 6 7 8 |  8.1
Shields        | 1 |  1.3
Throwing       | |  0.7
Dodging        | |  2.6

Action                   |  1- 3 |  4- 6 |  7- 9 || total
-------------------------+-------+-------+-------++-------
Melee: Mace              |   133 |   194 |    99 ||   426
       Giant spiked club |       |       |    23 ||    23
       Flail             |       |       |    53 ||    53
Throw: Dart              |       |     5 |     9 ||    14
       Boomerang         |       |     3 |       ||     3
Invok: Berserk           |     3 |     5 |     6 ||    14
       Trog's Hand       |       |     1 |     3 ||     4
Evoke: Wand              |       |       |     1 ||     1
  Use: Potion            |       |     2 |       ||     2
       Scroll            |       |       |     6 ||     6
Armor: Animal skin       |    53 |   104 |    85 ||   242
Dodge: Dodged            |    88 |   128 |    74 ||   290
Block: Kite shield       |       |       |    19 ||    19

Table legend: (Time is in decaauts)
 A = Elapsed time spent in this place.
 B = Non-inter-level travel time spent in this place.
 C = Inter-level travel time spent in this place.
 D = Time resting spent in this place.
 E = Time spent auto-exploring this place.
 F = Levels seen in this place.
 G = Mean time per level.
                   A        B        C        D        E       F      G
               +--------+--------+--------+--------+--------+-----+--------+
         Total |   7546 |   6987 |    559 |   1654 |   4193 |   7 | 1078.0 |
       Dungeon |   7546 |   6987 |    559 |   1654 |   4193 |   7 | 1078.0 |
               +--------+--------+--------+--------+--------+-----+--------+

Top non-repeatable levels by time:
     D:5: 1567 daAuts
     D:6: 1383 daAuts
     D:1: 1359 daAuts
     D:3: 1048 daAuts
     D:2: 955 daAuts
     D:4: 744 daAuts
     D:7: 487 daAuts
